 Dungeon Crawl Stone Soup version 0.18-a0-23-g19353e1 (webtiles) character file.

217 Raultor the Vexing (level 5, -3/37 HPs)
             Began as a Vampire Enchanter on Nov 2, 2015.
             Slain by a worker ant (8 damage)
             ... on level 4 of the Dungeon.
             The game lasted 00:17:13 (3242 turns).

Raultor the Vexing (Vampire Enchanter)              Turns: 3242, Time: 00:17:13

Health: -3/37      AC:  2    Str:  3    XL:     5   Next: 61%
Magic:  1/8        EV: 13    Int: 19    God:
Gold:   27         SH:  0    Dex: 14    Spells: 3 memorised, 3 levels left

rFire  + + .     SeeInvis +     a - +1 dagger
rCold  + + .     Clarity  .     p - +0 robe "Iraif Zuir" {rF++ rN++ Str-4} (curse)
rNeg   + + +     SustAt   .     (no shield)
rPois  +         Gourm    .     (no helmet)
rElec  .         Spirit   .     (no cloak)
rCorr  .         Warding  .     (no gloves)
rMut   .         Stasis   .     (no boots)
MR     .....                    (no amulet)
Stlth  ++++......               (no ring)
                                (no ring)

@: regenerating slowly, not resistant to hostile enchantments, stealthy
A: fangs 3, see invisible, unbreathing
a: Bat Form


You were on level 4 of the Dungeon.
You were near bloodless.

You visited 1 branch of the dungeon, and saw 4 of its levels.

You collected 135 gold pieces.
You spent 108 gold pieces at shops.

Inventory:

Hand Weapons
 a - a +1 dagger (weapon)
 r - a +0 vampiric whip
Armour
 b - a +1 robe
 d - a +2 ring mail of magic resistance
 p - the cursed +0 robe "Iraif Zuir" (worn) {rF++ rN++ Str-4}
   (You bought it in a shop on level 4 of the Dungeon)

   It affects your strength (-4).
   It greatly protects you from fire.
   It greatly protects you from negative energy.
   It has a curse placed upon it.
Scrolls
 e - 3 scrolls of immolation {unknown}
 j - 2 scrolls of remove curse {unknown}
 k - a scroll of recharging {unknown}
 l - a scroll of amnesia {unknown}
 m - 4 scrolls of teleportation {unknown}
 n - a scroll of identify {unknown}
 s - a scroll of fear {unknown}
Potions
 f - a potion of flight {unknown}
 g - 18 potions of blood
 h - a potion of magic {unknown}
 i - 2 potions of curing {unknown}
 o - a potion of cure mutation {unknown}
Books
 c - a book of Maledictions

   Spells                             Type                      Level
   a - Corona                         Hexes                        1
   b - Ensorcelled Hibernation        Hexes/Ice                    2
   c - Confuse                        Hexes                        3
   d - Tukima's Dance                 Hexes                        3
   e - Dazzling Spray                 Conjuration/Hexes            3
 q - a book of Fire

   Spells                             Type                      Level
   a - Ignite Poison                  Fire/Transmutation/Poison    3
   b - Fireball                       Conjuration/Fire             5
   c - Bolt of Fire                   Conjuration/Fire             6
   d - Delayed Fireball               Conjuration/Fire             7
   e - Ring of Flames                 Charms/Fire                  7


   Skills:
 - Level 1.0 Fighting
 + Level 2.1 Short Blades
 + Level 2.8 Dodging
 + Level 6.0 Stealth
 - Level 2.5 Spellcasting
 * Level 6.4 Hexes
 + Level 1.1 Ice Magic


You had 3 spell levels left.
You knew the following spells:

 Your Spells              Type           Power        Failure   Level  Hunger
a - Corona                Hex            ####...      1%          1    #......
b - Ensorcelled Hibernat  Hex/Ice        ###...       8%          2    ##.....
c - Tukima's Dance        Hex            ####....     3%          3    ###....


Dungeon Overview and Level Annotations

Branches:
Dungeon (4/15)
 Temple: D:4-7

Altars:

Shops:
D:4 [

Annotations:
D:3 Rayvis's ghost, amateur DsFi


Innate Abilities, Weirdness & Mutations

You heal slowly.
You have razor-sharp teeth.
You have supernaturally acute eyesight.
You can survive without breathing.


Message History

The worker ant is heavily wounded.
The worker ant closely misses you.
One of your 19 potions of blood rots away.
You barely miss the worker ant.
The worker ant is heavily wounded.
The worker ant bites you.
You hit the worker ant. Your bite misses the worker ant.
The worker ant is severely wounded.
The worker ant bites you!
* * * LOW HITPOINT WARNING * * *
Casting: Ensorcelled Hibernation
Confirm with . or Enter, or press ? or * to list all spells.
Aiming: Ensorcelled Hibernation
Press: ? - help, Shift-Dir - straight line, f/p - worker ant
Aim: a worker ant (severely wounded, chance to defeat MR: 55%)
The worker ant resists with significant effort.
The worker ant bites you.
* * * LOW HITPOINT WARNING * * *
The worker ant bites you!
You die...

#.⌠.# #.# #.. ....#...# #.#
#..#........ #.# ##....... ...
#.# ....##.# #.#######.# #..##.#
#.......... #..##.###..#######)
#.###.a......)†# #) ###
#..>..@.....)#.# #) . ...
#..###.#...#.#.# #. . ## .#.##..#
#.##.##.#)# #. . #..
.....###.##.##.#)# #. >
#.#####..........##.#.# #####. .
##...#.....#########.#.###..... .
#....#........##...........###(
.#.#.#...##..##.##.###.##.##))...
.<###........##.##.# #.##.(.....#


You could see a worker ant.

Vanquished Creatures
  An orc priest (D:4)
  Ijyb (D:2)
  Terence (D:3)
  A worker ant (D:4)
  An adder (D:2)
  3 worms
  10 orcs
  5 giant cockroaches
  4 hobgoblins
  4 jackals (D:2)
  9 kobolds
  6 bats
  2 giant geckos (D:1)
  A giant newt (D:3)
  6 goblins
  4 rats
59 creatures vanquished.

Vanquished Creatures (collateral kills)
  An orc priest (D:4)
  An orc wizard (D:4)
  6 orcs
8 creatures vanquished.

Vanquished Creatures (others)
  A dancing weapon (D:4)
1 creature vanquished.

Grand Total: 68 creatures vanquished

Notes
Turn   | Place    | Note
--------------------------------------------------------------
     0 | D:1      | Raultor the Vampire Enchanter began the quest for the Orb.
     0 | D:1      | Reached XP level 1. HP: 13/13 MP: 3/3
   225 | D:1      | Reached XP level 2. HP: 10/19 MP: 5/5
   732 | D:1      | Learned a level 2 spell: Ensorcelled Hibernation
   824 | D:2      | Reached skill level 5 in Hexes
  1157 | D:3      | Noticed Ijyb
  1158 | D:3      | Reached XP level 3. HP: 25/25 MP: 6/6
  1178 | D:2      | Killed Ijyb
  1178 | D:2      | Reached skill level 1 in Fighting
  1410 | D:2      | Reached skill level 5 in Stealth
  1410 | D:2      | Reached XP level 4. HP: 4/32 MP: 1/7
  1634 | D:3      | Noticed Terence
  1643 | D:3      | Killed Terence
  1643 | D:3      | Reached skill level 1 in Ice Magic
  1763 | D:3      | Learned a level 3 spell: Tukima's Dance
  1808 | D:3      | Noticed Rayvis's ghost (amateur DsFi)
  3010 | D:4      | Found Fyeluigg's Antique Armour Shop.
  3013 | D:4      | Bought a distressingly furry robe for 108 gold pieces
  3023 | D:4      | Identified the cursed +0 robe "Iraif Zuir" {rF++ rN++ Str-4} (You bought it in a shop on level 4 of the Dungeon)
  3057 | D:4      | Reached XP level 5. HP: 37/37 MP: 8/8
  3085 | D:4      | Reached skill level 6 in Hexes
  3242 | D:4      | Slain by a worker ant

Vault maps used:
D:1:      lightli_arrival_statue_moat
D:2:      serial_glass, glass_columns_c, glass_columns_c, first_bread
D:3:      uniq_iyjb, uniq_terence
D:4:      minmay_temple_entry_junction2, nicolae_ossuary_entry_false_entrances,
          serial_shops, shop, minmay_misc_feat_columns, bh_walls_and_bars

Action                   |  1- 3 |  4- 6 || total
-------------------------+-------+-------++-------
Melee: Dagger            |   125 |   125 ||   250
 Cast: Corona            |     2 |       ||     2
       Ensorcelled Hiber |    10 |    21 ||    31
       Tukima's Dance    |       |    12 ||    12
 Abil: End Transformatio |       |     1 ||     1
       Bat Form          |       |     1 ||     1
  Use: Potion            |     3 |     1 ||     4
 Stab: Sleeping          |     5 |    16 ||    21
  Eat: Corpse            |     2 |       ||     2
